 Dungeon Crawl Stone Soup version 0.21.1-1-g345015f (webtiles) character file.

6377 rrRat the Basher (level 10, -2/91 HPs)
             Began as a Minotaur Berserker on June 7, 2018.
             Was a High Priest of Trog.
             Slain by a vampire (8 damage)
             ... on level 10 of the Dungeon.
             The game lasted 00:48:57 (6262 turns).

rrRat the Basher (Minotaur Berserker)               Turns: 6262, Time: 00:49:00

Health: -2/91      AC: 18    Str: 24    XL:     10   Next: 65%
Magic:  9/9        EV:  7    Int:  4    God:    Trog [*****.]
Gold:   629        SH: 17    Dex: 11    Spells: 9/9 levels left

rFire    . . .     SeeInvis .   y - +2 flail (venom)
rCold    . . .     Gourm    .   x - +0 large shield
rNeg     + . .     Faith    .   E - +3 chain mail
rPois    .         Spirit   .   (helmet restricted)
rElec    .         Reflect  .   (no cloak)
rCorr    .         Harm     .   d - +1 pair of gloves
MR       .....                  (no boots)
Stlth    ..........             (no amulet)
HPRegen  0.25/turn              n - ring of positive energy
MPRegen  0.11/turn              e - +3 ring of protection

@: no status effects
A: retaliatory headbutt, horns 2
a: Berserk, Trog's Hand, Brothers in Arms, Burn Spellbooks, Renounce Religion


You were on level 10 of the Dungeon.
You worshipped Trog.
Trog was extremely pleased with you.
You were not hungry.

You visited 1 branch of the dungeon, and saw 10 of its levels.

You collected 629 gold pieces.

Inventory:

Hand Weapons
 s - a +1 great mace
 y - a +2 flail of venom (weapon)
Armour
 d - a +1 pair of gloves (worn)
 x - a +0 large shield (worn)
 E - a +3 chain mail (worn)
Jewellery
 e - a +3 ring of protection (right hand)
 f - an uncursed ring of see invisible
 n - a ring of positive energy (left hand)
 p - an uncursed ring of fire
Wands
 k - a wand of flame (8)
 q - a wand of paralysis (32)
 v - a wand of disintegration (38)
 C - a wand of enslavement (15)
Scrolls
 a - 3 scrolls of immolation
 b - a scroll of blinking
 i - 2 scrolls of enchant armour
 l - 4 scrolls of remove curse
 o - 3 scrolls of fog
 t - 3 scrolls of identify
 u - 2 scrolls of fear
 w - 3 scrolls of teleportation
Potions
 g - 2 potions of magic
 h - a potion of invisibility
 j - a potion of flight {unknown}
 m - 3 potions of curing
 r - 2 potions of agility
 z - a potion of mutation {unknown}
 B - a potion of cancellation {unknown}
Books
 A - a Young Poisoner's Handbook

   Spells                             Type                      Level
   a - Sting                          Conjuration/Poison           1
   b - Poisonous Vapours              Poison/Air                   2
   c - Mephitic Cloud                 Conjuration/Poison/Air       3
   d - Olgreb's Toxic Radiance        Poison                       4
   e - Venom Bolt                     Conjuration/Poison           5
   Trog disapproves of the use of such an item.
Comestibles
 c - 17 rations


   Skills:
 + Level 9.0 Fighting
 + Level 12.9 Maces & Flails
 + Level 7.2 Armour
 + Level 5.4 Dodging
 - Level 0.6 Stealth
 * Level 8.0 Shields
 + Level 0.1 Evocations


You had 9 spell levels left.
You didn't know any spells.

Dungeon Overview and Level Annotations

Branches:
Dungeon (10/15)            Temple (0/1) D:6            Lair (0/6) D:10
    Orc (0/2) D:10

Altars:
Cheibriados
Dithmenos
Fedhas
Gozag
Kikubaaqudgha
Makhleb
Okawaru
Ru
Sif Muna
Uskayaw
Wu Jian
Xom
Yredelemnul
The Shining One
Beogh

Shops:
D:6 :   D:8 [


Innate Abilities, Weirdness & Mutations

You reflexively headbutt those who attack you in melee.
You have a pair of horns on your head.


Message History

Something hits you but does no damage. You block something's attack.
You block the bullfrog's attack.
You miss something.
The bullfrog hits you but does no damage.
Something hits you.
* * * LOW HITPOINT WARNING * * *
Something bites you!
* * * LOW HITPOINT WARNING * * *
Something draws strength from your injuries!
You feel better. You block the bullfrog's attack.
Unholy energy fills the air.
* * * LOW HITPOINT WARNING * * *
You block the bullfrog's attack.
You sock the bullfrog!
You kill the bullfrog!
Trog accepts your kill.
Your Shields skill increases to level 8!
Something hits you!
* * * LOW HITPOINT WARNING * * *
Something bites you!
You die...

.
#.........###
.
#............
.
#............
#............
#............
#............
#...†){......
.
#....@)......
#
#.....?......
.
#.....####+##
. #.....# .
#.....# ..
#.....# ...
#.....#
...####
#.....#
.......
#.....#######.
.......


There were no monsters in sight!

Vanquished Creatures
  2 two-headed ogres
  The ghost of tidbits the Sneak, an amateur GnEn (D:3)
  A hippogriff (D:10)
  3 wargs (D:10)
  3 ice beasts
  5 sky beasts
  8 orc warriors
  2 centaurs
  3 ogres
  4 bullfrogs
  3 scorpions
  15 killer bees
  4 wights (D:9)
  2 howler monkeys
  2 crimson imps
  6 hounds
  6 orc priests
  A centaur skeleton (D:6)
  2 iguanas (D:10)
  8 orc wizards
  6 worker ants
  A hound zombie (D:5)
  A howler monkey skeleton (D:5)
  11 adders
  2 adder skeletons
  2 adder zombies
  3 worms
  6 dart slugs
  5 leopard geckos
  51 orcs
  2 ball pythons
  6 giant cockroaches
  6 goblins
  5 hobgoblins
  10 jackals
  7 quokkas
  5 bats
  8 frilled lizards
  14 kobolds
  A leopard gecko skeleton (D:8)
  A leopard gecko zombie (D:7)
  2 quokka skeletons (D:4)
  7 rats
243 creatures vanquished.

Notes
Turn   | Place    | Note
-------+----------+-------------------------------------------
     0 | D:1      | rrRat the Minotaur Berserker began the quest for the Orb.
     0 | D:1      | Reached XP level 1. HP: 19/19 MP: 0/0
   156 | D:1      | Reached XP level 2. HP: 15/27 MP: 1/1
   177 | D:1      | Reached skill level 4 in Maces & Flails
   778 | D:1      | Reached XP level 3. HP: 32/33 MP: 2/2
  1158 | D:2      | Reached ** piety under Trog
  1447 | D:3      | Noticed tidbits's ghost (amateur GnEn)
  1461 | D:3      | Killed tidbits's ghost
  1461 | D:3      | Reached skill level 6 in Maces & Flails
  1461 | D:3      | Reached XP level 4. HP: 27/41 MP: 3/3
  1461 | D:3      | Reached XP level 5. HP: 31/47 MP: 4/4
  1592 | D:3      | Reached XP level 6. HP: 55/55 MP: 5/5
  1723 | D:3      | Reached skill level 5 in Fighting
  1977 | D:3      | Reached skill level 1 in Shields
  2056 | D:3      | Found a shimmering altar of Xom.
  2216 | D:4      | Reached *** piety under Trog
  2225 | D:4      | Found a shadowy altar of Dithmenos.
  2334 | D:4      | Noticed a sky beast
  2339 | D:4      | Killed a sky beast
  2339 | D:4      | Reached skill level 7 in Maces & Flails
  2339 | D:4      | Reached XP level 7. HP: 61/61 MP: 6/6
  2376 | D:4      | Found Fyep Xag's Antique Armour Emporium.
  2606 | D:4      | Found a glowing golden altar of the Shining One.
  2849 | D:4      | Found a deep blue altar of Sif Muna.
  3004 | D:5      | Entered Level 5 of the Dungeon
  3088 | D:5      | Reached skill level 8 in Maces & Flails
  3282 | D:5      | Found an ornate altar of the Wu Jian Council.
  3284 | D:5      | Found a hide-covered altar of Uskayaw.
  3284 | D:5      | Found a blossoming altar of Fedhas.
  3285 | D:5      | Found an iron altar of Okawaru.
  3442 | D:5      | Reached XP level 8. HP: 70/70 MP: 7/7
  3491 | D:6      | Reached skill level 9 in Maces & Flails
  3491 | D:6      | Reached skill level 5 in Dodging
  3514 | D:6      | Found a runed door.
  3550 | D:6      | Found a shimmering altar of Xom.
  3551 | D:6      | Found a burning altar of Makhleb.
  3601 | D:6      | Reached **** piety under Trog
  3796 | D:6      | Found Jaumad's Book Shop.
  3808 | D:6      | Reached skill level 10 in Maces & Flails
  3885 | D:6      | Found a staircase to the Ecumenical Temple.
  4090 | D:6      | Reached skill level 5 in Armour
  4218 | D:6      | Found a roughly hewn altar of Beogh.
  4334 | D:7      | Reached XP level 9. HP: 64/79 MP: 8/8
  4372 | D:7      | Reached skill level 11 in Maces & Flails
  4387 | D:7      | Reached ***** piety under Trog
  4541 | D:7      | Found a basalt altar of Yredelemnul.
  4544 | D:7      | Found a snail-covered altar of Cheibriados.
  4558 | D:7      | Found a sacrificial altar of Ru.
  4602 | D:7      | Found an ancient bone altar of Kikubaaqudgha.
  4754 | D:8      | Found Zapsitsa's Antique Armour Boutique.
  4768 | D:8      | Noticed a two-headed ogre
  4776 | D:8      | Killed a two-headed ogre
  4776 | D:8      | Reached skill level 12 in Maces & Flails
  5117 | D:8      | Found an opulent altar of Gozag.
  5354 | D:9      | Reached XP level 10. HP: 90/90 MP: 9/9
  5889 | D:10     | Entered Level 10 of the Dungeon
  5939 | D:10     | Reached skill level 5 in Shields
  6080 | D:10     | Received a gift from Trog
  6087 | D:10     | Found a staircase to the Orcish Mines.
  6168 | D:10     | Found a staircase to the Lair.
  6168 | D:10     | Noticed a two-headed ogre
  6176 | D:10     | Killed a two-headed ogre
  6262 | D:10     | Slain by a vampire

Skill      XL: |  1  2  3  4  5  6  7  8  9 10 |
---------------+-------------------------------+-----
Fighting       | 4 5 7 8 9 |  9.0
Maces & Flails | 4 6 7 8 10 12 | 12.9
Armour         | 3 4 5 6 7 |  7.2
Dodging        | 3 4 5 |  5.4
Shields        | 1 3 8 |  8.0
Stealth        | |  0.6
Evocations     | |  0.1

Action                   |  1- 3 |  4- 6 |  7- 9 | 10-12 || total
-------------------------+-------+-------+-------+-------++-------
Melee: Mace              |   101 |    68 |       |       ||   169
       Headbutt          |    19 |    12 |    60 |    39 ||   130
       Great mace        |       |    20 |   139 |       ||   159
       Flail             |       |       |   186 |   141 ||   327
Evoke: Wand              |       |       |     3 |       ||     3
  Use: Scroll            |     7 |     3 |    12 |       ||    22
       Potion            |     1 |       |     4 |     3 ||     8
  Eat: Chunk             |     1 |     3 |    10 |     4 ||    18
Armor: Animal skin       |     3 |       |       |       ||     3
       Ring mail         |     7 |       |       |       ||     7
       Leather armour    |    19 |    25 |    16 |       ||    60
       Chain mail        |       |       |    44 |    39 ||    83
       Plate armour      |       |       |    88 |   114 ||   202
       Skin              |       |       |     1 |       ||     1
Dodge: Dodged            |    73 |    63 |   133 |    45 ||   314
Block: Buckler           |       |     7 |       |       ||     7
       Large shield      |       |       |    18 |   181 ||   199
